[ AOE2 MATCH · #468473762 ]
Team RMHindustanis vs Spanish
[ REPLAY ANALYSIS · EXTRACTED FROM THE RECORDED GAME ]
Feudal
—
Castle
—
Imperial
—
| APM avg | 32.5 |
| APM peak | 62 |
| eAPM avg | 14.3 |
| Villagers / military | 26 / 0 |
Focus
⚔️ 3.8% · 🌾 96.2%
Feudal
—
Castle
—
Imperial
—
| APM avg | 27.0 |
| APM peak | 82 |
| eAPM avg | 5.6 |
| Villagers / military | 2 / 3 |
Focus
⚔️ 14.7% · 🌾 85.3%
Militia ×3
Feudal
—
Castle
—
Imperial
—
| APM avg | 16.7 |
| APM peak | 29 |
| eAPM avg | 10.7 |
| Villagers / military | 18 / 0 |
Focus
⚔️ 27.0% · 🌾 73.0%
Feudal
—
Castle
—
Imperial
—
| APM avg | 26.5 |
| APM peak | 66 |
| eAPM avg | 11.9 |
| Villagers / military | 15 / 0 |
Focus
⚔️ 2.9% · 🌾 97.1%
Feudal
—
Castle
—
Imperial
—
| APM avg | 10.9 |
| APM peak | 18 |
| eAPM avg | 8.3 |
| Villagers / military | 23 / 15 |
Focus
⚔️ 22.0% · 🌾 78.0%
Militia ×15
Feudal
—
Castle
—
Imperial
—
| APM avg | 49.0 |
| APM peak | 94 |
| eAPM avg | 17.8 |
| Villagers / military | 46 / 0 |
Focus
⚔️ 13.2% · 🌾 86.8%
Feudal
—
Castle
—
Imperial
—
| APM avg | 7.5 |
| APM peak | 21 |
| eAPM avg | 6.1 |
| Villagers / military | 33 / 0 |
Focus
⚔️ 7.8% · 🌾 92.2%
Feudal
13:52
Castle
—
Imperial
—
| APM avg | 13.3 |
| APM peak | 40 |
| eAPM avg | 10.5 |
| Villagers / military | 33 / 0 |
Focus
⚔️ 6.5% · 🌾 93.5%
Match map
Resources at game start + every placement click. Thick line = wall · dashed box = detected house wall. 🟡 gold · ⚪ stone · 🟢 berries · 🔶 boar · ⭕ relic
Inputs per minute
— 喜多川海梦 - - 家恒
Build order — 喜多川海梦
26 actions detected in the replay
| 0:24 | Create | Villager (Male) ×4 |
| 0:34 | Research | Loom |
| 0:36 | Create | Villager (Male) |
| 0:36 | Create | Villager (Male) |
| 0:36 | Create | Villager (Male) |
| 0:37 | Create | Villager (Male) |
| 1:34 | Build | House |
| 1:34 | Build | House |
| 5:43 | Create | Villager (Male) ×2 |
| 5:44 | Create | Villager (Male) ×2 |
| 5:44 | Create | Villager (Male) ×2 |
| 5:58 | Build | Lumber Camp |
| 7:59 | Build | Mill |
| 8:02 | Create | Villager (Male) |
| 8:02 | Create | Villager (Male) |
| 8:02 | Create | Villager (Male) |
| 8:03 | Create | Villager (Male) |
| 8:03 | Create | Villager (Male) |
| 9:50 | Create | Villager (Male) ×2 |
| 10:34 | Create | Villager (Male) |
| 11:50 | Create | Villager (Male) ×2 |
| 11:50 | Create | Villager (Male) ×2 |
| 12:00 | Build | House |
| 12:01 | Build | House |
| 12:03 | Build | House |
| 13:59 | Build | Farm |
Build order — 家恒
10 actions detected in the replay
| 0:23 | Research | Loom |
| 4:49 | Build | Barracks |
| 5:26 | Create | Militia |
| 5:26 | Create | Militia |
| 5:27 | Create | Militia |
| 5:36 | Build | Palisade Wall |
| 6:53 | Create | Villager (Male) |
| 8:06 | Create | Villager (Male) |
| 11:24 | Build | House |
| 14:25 | Build | Mill |
Build order — EvenEdge
31 actions detected in the replay
| 0:03 | Research | Loom |
| 0:04 | Create | Villager (Male) |
| 0:04 | Create | Villager (Male) |
| 0:04 | Create | Villager (Male) |
| 0:04 | Create | Villager (Male) |
| 0:15 | Build | Palisade Wall |
| 0:33 | Build | Palisade Wall |
| 1:00 | Build | House |
| 2:21 | Build | House |
| 4:35 | Create | Villager (Male) |
| 4:36 | Create | Villager (Male) |
| 6:04 | Create | Villager (Male) |
| 6:05 | Create | Villager (Male) |
| 6:05 | Create | Villager (Male) |
| 7:12 | Build | Mill |
| 9:06 | Create | Villager (Male) |
| 9:07 | Create | Villager (Male) |
| 9:07 | Create | Villager (Male) |
| 9:14 | Build | House |
| 9:17 | Build | House |
| 12:22 | Build | Palisade Wall |
| 12:31 | Create | Villager (Male) |
| 12:32 | Create | Villager (Male) |
| 12:32 | Create | Villager (Male) |
| 12:32 | Create | Villager (Male) |
| 12:32 | Create | Villager (Male) |
| 13:07 | Build | House |
| 13:48 | Build | House |
| 13:49 | Build | House |
| 14:08 | Create | Villager (Male) |
| 14:36 | Build | Palisade Wall |
Build order — Tsukitech
23 actions detected in the replay
| 0:34 | Research | Loom |
| 0:41 | Create | Villager (Male) |
| 0:43 | Create | Villager (Male) |
| 1:38 | Build | House |
| 3:05 | Create | Villager (Male) |
| 3:09 | Create | Villager (Male) |
| 3:52 | Build | Donjon |
| 5:29 | Build | Mill |
| 5:34 | Create | Villager (Male) |
| 5:37 | Create | Villager (Male) |
| 6:31 | Create | Villager (Male) |
| 6:43 | Create | Villager (Male) |
| 7:57 | Create | Villager (Male) |
| 7:58 | Create | Villager (Male) |
| 8:15 | Create | Villager (Male) |
| 9:26 | Build | House |
| 10:27 | Create | Villager (Male) |
| 11:28 | Create | Villager (Male) |
| 12:18 | Build | Lumber Camp |
| 12:20 | Create | Villager (Male) |
| 12:22 | Create | Villager (Male) |
| 13:42 | Research | Feudal Age |
| 14:44 | Build | Mining Camp |
Build order — VianneyFroG4ME
61 actions detected in the replay
| 0:25 | Build | House |
| 0:26 | Build | House |
| 0:34 | Research | Loom |
| 0:35 | Create | Villager (Male) |
| 0:35 | Create | Villager (Male) |
| 0:35 | Create | Villager (Male) |
| 0:36 | Create | Villager (Male) |
| 0:36 | Create | Villager (Male) |
| 1:51 | Build | Lumber Camp |
| 2:22 | Create | Villager (Male) |
| 3:37 | Create | Villager (Male) |
| 4:28 | Create | Villager (Male) |
| 5:11 | Build | Barracks |
| 5:12 | Build | Barracks |
| 5:15 | Create | Villager (Male) |
| 5:40 | Create | Villager (Male) |
| 5:58 | Create | Villager (Male) |
| 6:35 | Create | Villager (Male) |
| 6:48 | Build | Palisade Wall |
| 6:54 | Build | Building 804 |
| 6:59 | Create | Villager (Male) |
| 7:12 | Build | Mill |
| 7:32 | Create | Militia |
| 7:32 | Create | Militia |
| 7:32 | Create | Militia |
| 7:49 | Create | Villager (Male) |
| 7:54 | Build | House |
| 7:55 | Build | House |
| 8:57 | Build | Palisade Wall |
| 9:16 | Create | Villager (Male) |
| 9:16 | Create | Villager (Male) |
| 9:28 | Create | Villager (Male) |
| 9:37 | Build | Barracks |
| 10:02 | Create | Villager (Male) |
| 11:06 | Build | Barracks |
| 11:11 | Create | Militia |
| 11:12 | Create | Militia |
| 11:28 | Create | Villager (Male) |
| 11:29 | Create | Villager (Male) |
| 12:03 | Create | Militia |
| 12:03 | Create | Militia |
| 12:14 | Create | Villager (Male) |
| 12:50 | Build | House |
| 12:51 | Build | House |
| 13:04 | Build | House |
| 13:05 | Build | House |
| 13:07 | Build | House |
| 13:10 | Build | House |
| 13:12 | Build | House |
| 13:14 | Build | House |
| 13:25 | Create | Militia |
| 13:25 | Create | Militia |
| 13:25 | Create | Militia |
| 13:26 | Create | Militia |
| 13:26 | Create | Militia |
| 14:19 | Build | Mill |
| 14:32 | Create | Villager (Male) |
| 14:33 | Create | Villager (Male) |
| 14:41 | Create | Militia |
| 14:42 | Create | Militia |
| 14:42 | Create | Militia |
Build order — vani.paov
63 actions detected in the replay
| 0:04 | Create | Villager (Male) |
| 0:04 | Create | Villager (Male) |
| 0:04 | Create | Villager (Male) |
| 0:04 | Create | Villager (Male) |
| 0:05 | Create | Villager (Male) |
| 0:09 | Build | House |
| 0:10 | Build | House |
| 0:20 | Research | Loom |
| 0:25 | Research | Loom |
| 0:26 | Create | Villager (Male) |
| 0:26 | Create | Villager (Male) |
| 0:27 | Create | Villager (Male) |
| 0:27 | Create | Villager (Male) |
| 0:27 | Create | Villager (Male) |
| 1:56 | Build | Palisade Wall |
| 2:08 | Build | Palisade Gate |
| 3:50 | Create | Villager (Male) |
| 3:50 | Create | Villager (Male) |
| 3:50 | Create | Villager (Male) |
| 3:51 | Create | Villager (Male) |
| 4:32 | Create | Villager (Male) |
| 4:32 | Create | Villager (Male) |
| 4:32 | Create | Villager (Male) |
| 6:16 | Create | Villager (Male) |
| 6:16 | Create | Villager (Male) |
| 6:17 | Create | Villager (Male) |
| 6:17 | Create | Villager (Male) |
| 6:17 | Create | Villager (Male) |
| 6:32 | Build | House |
| 6:32 | Build | House |
| 6:33 | Build | House |
| 6:33 | Build | House |
| 6:33 | Build | House |
| 6:48 | Create | Villager (Male) |
| 6:48 | Create | Villager (Male) |
| 7:10 | Build | Palisade Wall |
| 7:20 | Create | Villager (Male) |
| 7:20 | Create | Villager (Male) |
| 7:21 | Create | Villager (Male) |
| 8:47 | Build | Lumber Camp |
| 9:18 | Create | Villager (Male) |
| 9:18 | Create | Villager (Male) |
| 9:19 | Create | Villager (Male) |
| 9:19 | Create | Villager (Male) |
| 9:19 | Create | Villager (Male) |
| 10:31 | Create | Villager (Male) |
| 10:31 | Create | Villager (Male) |
| 10:32 | Create | Villager (Male) |
| 10:32 | Create | Villager (Male) |
| 11:48 | Build | Mill |
| 11:58 | Create | Villager (Male) |
| 11:58 | Create | Villager (Male) |
| 11:58 | Create | Villager (Male) |
| 13:04 | Build | Palisade Wall |
| 13:46 | Create | Villager (Male) |
| 13:46 | Create | Villager (Male) |
| 13:47 | Create | Villager (Male) |
| 13:48 | Create | Villager (Male) |
| 13:48 | Create | Villager (Male) |
| 13:48 | Create | Villager (Male) |
| 13:49 | Create | Villager (Male) |
| 14:48 | Research | Feudal Age |
| 14:48 | Research | Feudal Age |
Build order — hawyak12
50 actions detected in the replay
| 0:27 | Build | House |
| 0:30 | Build | House |
| 0:32 | Build | House |
| 0:33 | Build | House |
| 0:39 | Research | Loom |
| 0:42 | Create | Villager (Male) |
| 0:42 | Create | Villager (Male) |
| 0:42 | Create | Villager (Male) |
| 0:43 | Create | Villager (Male) |
| 0:43 | Create | Villager (Male) |
| 0:43 | Create | Villager (Male) |
| 2:29 | Create | Villager (Male) |
| 2:29 | Create | Villager (Male) |
| 3:58 | Create | Villager (Male) |
| 3:58 | Create | Villager (Male) |
| 3:58 | Create | Villager (Male) |
| 5:06 | Build | Palisade Wall |
| 6:53 | Create | Villager (Male) |
| 6:53 | Create | Villager (Male) |
| 6:54 | Create | Villager (Male) |
| 6:54 | Create | Villager (Male) |
| 6:54 | Create | Villager (Male) |
| 6:55 | Create | Villager (Male) |
| 6:55 | Create | Villager (Male) |
| 6:55 | Create | Villager (Male) |
| 7:57 | Build | Palisade Wall |
| 9:08 | Create | Villager (Male) |
| 9:08 | Create | Villager (Male) |
| 9:08 | Create | Villager (Male) |
| 9:09 | Create | Villager (Male) |
| 9:09 | Create | Villager (Male) |
| 9:09 | Create | Villager (Male) |
| 10:00 | Build | House |
| 10:04 | Build | House |
| 10:07 | Build | House |
| 10:09 | Build | House |
| 11:17 | Build | Lumber Camp |
| 11:39 | Create | Villager (Male) |
| 11:39 | Create | Villager (Male) |
| 11:39 | Create | Villager (Male) |
| 11:39 | Create | Villager (Male) |
| 11:39 | Create | Villager (Male) |
| 11:40 | Create | Villager (Male) |
| 11:40 | Create | Villager (Male) |
| 11:40 | Create | Villager (Male) |
| 12:39 | Build | Palisade Wall |
| 13:13 | Build | Mill |
| 13:31 | Build | Mill |
| 14:11 | Build | Mining Camp |
| 14:49 | Research | Feudal Age |
Build order — Mistăr
55 actions detected in the replay
| 0:05 | Build | House |
| 0:06 | Build | House |
| 0:10 | Research | Loom |
| 0:11 | Create | Villager (Male) |
| 0:11 | Create | Villager (Male) |
| 0:11 | Create | Villager (Male) |
| 1:01 | Build | Palisade Wall |
| 1:16 | Create | Villager (Male) |
| 1:22 | Build | House |
| 2:53 | Create | Villager (Male) |
| 2:53 | Create | Villager (Male) |
| 2:53 | Create | Villager (Male) |
| 3:12 | Create | Villager (Male) |
| 3:13 | Create | Villager (Male) |
| 3:31 | Build | Palisade Wall |
| 3:48 | Build | Mill |
| 3:52 | Create | Villager (Male) |
| 3:52 | Create | Villager (Male) |
| 3:52 | Create | Villager (Male) |
| 4:39 | Create | Villager (Male) |
| 4:39 | Create | Villager (Male) |
| 5:58 | Create | Villager (Male) |
| 5:58 | Create | Villager (Male) |
| 5:58 | Create | Villager (Male) |
| 5:59 | Create | Villager (Male) |
| 5:59 | Create | Villager (Male) |
| 6:10 | Create | Villager (Male) |
| 6:10 | Create | Villager (Male) |
| 6:48 | Create | Villager (Male) |
| 6:48 | Create | Villager (Male) |
| 7:23 | Create | Villager (Male) |
| 7:37 | Build | Palisade Wall |
| 7:59 | Create | Villager (Male) |
| 8:42 | Create | Villager (Male) |
| 8:52 | Build | House |
| 9:16 | Build | Palisade Wall |
| 10:14 | Build | Lumber Camp |
| 10:28 | Create | Villager (Male) |
| 11:42 | Research | Feudal Age |
| 12:01 | Build | Barracks |
| 12:22 | Build | House |
| 12:26 | Build | House |
| 13:18 | Build | Mining Camp |
| 13:30 | Build | Building 804 |
| 13:46 | Create | Villager (Male) |
| 13:46 | Create | Villager (Male) |
| 13:49 | Create | Villager (Male) |
| 13:52 | Age | Feudal Age |
| 13:53 | Research | Double-Bit Axe |
| 13:58 | Research | Horse Collar |
| 14:26 | Build | Mill |
| 14:30 | Create | Villager (Male) |
| 14:49 | Build | Stable |
| 15:04 | Create | Villager (Male) |
| 15:04 | Create | Villager (Male) |
Match timeline
| 0:15 | EvenEdge · wall_segment Palisade Wall x10 |
| 0:33 | EvenEdge · wall_segment Palisade Wall x19 |
| 1:01 | Mistăr · wall_segment Palisade Wall x8 |
| 1:56 | vani.paov · wall_segment Palisade Wall x15 |
| 3:31 | Mistăr · wall_segment Palisade Wall x12 |
| 3:52 | Tsukitech · first_building Donjon |
| 4:49 | 家恒 · first_building Barracks |
| 5:06 | hawyak12 · wall_segment Palisade Wall x8 |
| 5:11 | VianneyFroG4ME · first_building Barracks |
| 5:36 | 家恒 · wall_segment Palisade Wall x6 |
| 6:48 | VianneyFroG4ME · wall_segment Palisade Wall x11 |
| 7:10 | vani.paov · wall_segment Palisade Wall x9 |
| 7:37 | Mistăr · wall_segment Palisade Wall x10 |
| 7:57 | hawyak12 · wall_segment Palisade Wall x1 |
| 8:57 | VianneyFroG4ME · wall_segment Palisade Wall x2 |
| 9:16 | Mistăr · wall_segment Palisade Wall x8 |
| 12:01 | Mistăr · first_building Barracks |
| 12:22 | EvenEdge · wall_segment Palisade Wall x1 |
| 12:39 | hawyak12 · wall_segment Palisade Wall x12 |
| 13:04 | vani.paov · wall_segment Palisade Wall x6 |
| 13:52 | Mistăr · age_up feudal |
| 14:36 | EvenEdge · wall_segment Palisade Wall x6 |
| 14:49 | Mistăr · first_building Stable |
| 14:50 | 喜多川海梦 · resign |
[ AI ANALYSIS · 1 CREDIT ]
What really happened in this match?
Wolo.gg analyzes every decision: build order, eco, micro, common mistakes by bracket. Personalized analysis on WhatsApp or Discord in 30 seconds.
Civ guide
Hindustanis
Map guide
Black Forest
Perfil
喜多川海梦